 Dungeon Crawl Stone Soup version 0.29.0-11-gd7f09526c8 (webtiles) character file.

Game seed: 17100793841554814659

46961 keekatzer the Protected (level 13, -1/106 HPs)
             Began as a Demonspawn Fighter on Sept 5, 2022.
             Was the Champion of Jiyva.
             Slain by an entropy weaver (3 damage)
             ... on level 1 of the Spider Nest on Sept 6, 2022.
             The game lasted 01:09:08 (10469 turns).

keekatzer the Protected (Demonspawn Fighter)       Turns: 10469, Time: 01:09:09

Health: -1/106     AC: 13    Str: 27    XL:     13   Next: 39%
Magic:  13/13      EV: 10    Int:  7    God:    Jiyva [******]
Gold:   808        SH:  5    Dex: 14    Spells: 12/12 levels left

rFire   . . .      SeeInvis .   A - +4 war axe
rCold   . . .      Faith    .   c - +0 buckler
rNeg    + + .      Spirit   .   N - +1 chain mail of Autotheism {*Slow rN++ rCorr Slay+3}
rPois   +          Reflect  .   (helmet restricted)
rElec   .          Harm     .   r - +0 cloak
rCorr   +          Rampage  .   B - +0 pair of gloves
Will    .....                   F - +0 pair of boots
Stlth   ..........              (no amulet)
HPRegen 1.87/turn               H - ring of poison resistance
MPRegen 0.76/turn               (no ring)

@: corroded, studying Armour
A: icy blue scales 2, demonic guardian 3, magic regeneration, fangs 3, horns 2,
talons 1, strong 2, translucent skin 3, jelly absorbing missiles
}: 1/15 runes: slimy
a: Renounce Religion, Oozemancy, Slimify


You were on level 1 of the Spider Nest.
You worshipped Jiyva.
Jiyva was exalted by your worship.
You visited 4 branches of the dungeon, and saw 20 of its levels.
You also visited: Ossuary.

You collected 808 gold pieces.

Inventory:

Hand Weapons
 A - a +4 war axe (weapon)
Missiles
 l - 2 throwing nets (quivered)
Armour
 c - a +0 buckler (worn)
 r - a +0 cloak (worn)
 y - a +0 helmet
 z - a +0 chain mail
 B - a +0 pair of gloves (worn)
 F - a +0 pair of boots (worn)
 L - a +2 helmet
 N - the +1 chain mail of Autotheism (worn) {*Slow rN++ rCorr Slay+3}
   (You found it on level 5 of the Pits of Slime)

   Slay:      It affects your accuracy & damage with ranged weapons and melee
   (+3).
   rN:        It greatly protects you from negative energy.
   rCorr:     It protects you from acid and corrosion.
   *Slow:     It may slow you when you take damage.
 P - the +0 robe of Haph {rN++}
   (You found it on level 5 of the Pits of Slime)

   rN:        It greatly protects you from negative energy.
 Q - the +0 leather armour of Oxunij {*Corrode rElec rF++ Str+4}
   (You found it on level 5 of the Pits of Slime)

   Str:       It affects your strength (+4).
   rF:        It greatly protects you from fire.
   rElec:     It insulates you from electricity.
   *Corrode:  It may corrode you when you take damage.
Jewellery
 w - the ring "Igusmo" {rF- rC+ Str+5 Int+6}
   (You found it on level 5 of the Pits of Slime)

   [ring of intelligence]

   Str:       It affects your strength (+5).
   Int:       It affects your intelligence (+6).
   rF:        It makes you vulnerable to fire.
   rC:        It protects you from cold.
 G - a ring of fire
 H - a ring of poison resistance (left hand)
 J - a +6 ring of intelligence
 O - the ring of Idan {rPois Stlth+}
   (You found it on level 5 of the Pits of Slime)

   [ring of poison resistance]

   rPois:     It protects you from poison.
   Stlth:     It makes you more stealthy.
Wands
 I - a wand of paralysis (7)
Scrolls
 a - a scroll of vulnerability {unknown}
 e - 4 scrolls of teleportation {unknown}
 h - 4 scrolls of amnesia {unknown}
 i - 2 scrolls of noise {unknown}
 j - 3 scrolls of brand weapon {unknown}
 o - 2 scrolls of magic mapping {unknown}
 q - 2 scrolls of blinking {unknown}
 v - 3 scrolls of identify {unknown}
 C - a scroll of fear {unknown}
 D - a scroll of silence {unknown}
 E - 3 scrolls of poison {unknown}
Potions
 b - a potion of ambrosia {unknown}
 d - 3 potions of might
 f - 2 potions of magic {unknown}
 g - 5 potions of haste {unknown}
 k - 4 potions of heal wounds {unknown}
 m - 2 potions of lignification {unknown}
 n - 2 potions of cancellation {unknown}
 p - 6 potions of curing {unknown}
 s - a potion of attraction {unknown}
 t - a potion of flight {unknown}
 u - a potion of berserk rage {unknown}
 x - 3 potions of mutation {unknown}
 K - a potion of brilliance {unknown}
Miscellaneous
 M - a tin of tremorstones (inert)


   Skills:
 + Level 11.1 Fighting
 + Level 12.3(12.5) Axes
 + Level 2.7(8.4) Polearms
 + Level 14.0 Armour
 + Level 4.9 Dodging
 + Level 2.0 Stealth
 - Level 5.8 Shields
 * Level 5.7 Evocations


You had 12 spell levels left.
You didn't know any spells.
Your spell library contained the following spells:

 Spells                   Type           Power      Damage    Failure   Level
 Beastly Appendage        Tmut           0%         N/A       92%         1
 Ensorcelled Hibernation  Hex/Ice        0%         N/A       98%         2
 Sublimation of Blood     Necr           0%         N/A       98%         2
 Wereblood                Tmut           0%         N/A       98%         2
 Ignite Poison            Fire/Tmut/Pois 0%         N/A       100%        3
 Mephitic Cloud           Conj/Pois/Air  0%         N/A       100%        3
 Spider Form              Tmut/Pois      0%         N/A       100%        3
 Summon Guardian Golem    Hex/Summ       0%         N/A       100%        3
 Tukima's Dance           Hex            0%         N/A       100%        3
 Petrify                  Tmut/Erth      0%         N/A       100%        4
 Freezing Cloud           Conj/Ice/Air   0%         6-21      100%        5
 Irradiate                Conj/Tmut      0%         3d11      100%        5


Dungeon Overview and Level Annotations

Branches:
Dungeon (9/15)             Temple (0/1) D:4            Lair (5/5) D:9
 Shoals (0/4) Lair:3       Spider (1/4) Lair:3        Slime (5/5) Lair:5
Ossuary (visited)
    Orc: D:9-12

Altars:
Cheibriados
Makhleb
Ru
Trog
Jiyva

Annotations:
D:6 2 transporters, gdog's ghost, novice GnDe
Lair:4 1 runed translucent door, Faliobat's ghost, journeyman TeHu
Lair:5 2 transporters, Jeban's ghost, journeyman OpFi
Slime:5 Royal Jelly


Innate Abilities, Weirdness & Mutations

You are mostly covered in icy blue scales. (AC +3)
A powerful demonic guardian rushes to your aid.
You regenerate magic rapidly.
You have razor-sharp teeth.
You have a pair of horns on your head.
You have sharp toenails.
Your muscles are very strong. (Str +8, Int/Dex -2)
Your transparent skin significantly reduces your foes' accuracy. (Stealth+)
You have a small jelly attached to you that may absorb projectiles.


Message History

The pharaoh ant is severely damaged.
The jumping spider barely misses your azure jelly.
The jumping spider bites your azure jelly but does no damage.
The pharaoh ant bites you!
Your azure jelly hits the jumping spider.
Your azure jelly freezes the jumping spider!!
Your azure jelly closely misses the jumping spider. x3
The jumping spider pounces on your azure jelly.
The jumping spider closely misses your azure jelly.
The jumping spider leaps!
The pharaoh ant bites you!!
* * * LOW HITPOINT WARNING * * *
You shudder from the blow and a jelly pops out!
You closely miss the pharaoh ant.
The pharaoh ant is severely damaged.
The jumping spider leaps!
The pharaoh ant bites you!
* * * LOW HITPOINT WARNING * * *
You partially resist.
You feel drained.
* * * LOW HITPOINT WARNING * * *
Your acid blob closely misses the pharaoh ant.
Aiming: Paralyse
Press: ? - help, Shift-Dir - straight line, f - pharaoh ant
Aim: a pharaoh ant (severely damaged, ally target, chance to affect: 28%)
Okay, then.
Unknown command.
Unknown command.
You slash the pharaoh ant!
You destroy the pharaoh ant!
The pharaoh ant binds the souls of nearby monsters.
Your acid blob hits the entropy weaver!!!
The entropy weaver is splashed with acid.
The acid corrodes the entropy weaver!
Your life force feels restored.
Your Armour skill increases to level 14!
You barely miss the entropy weaver.
The entropy weaver is heavily wounded.
The entropy weaver hits you but does no damage.
The entropy weaver hits you.
* * * LOW HITPOINT WARNING * * *
The entropy weaver hits you.
You die...

##.######### ##.........
####.# #......... #...###
#.........
##.....####^.#.###.......##
#.........# #...........##
###.....### #..###.##.#....
#....## # ##.# .####.
######## ####.###.#
##...#####@##.....#
##.......sBJ##.....##
##.....######J.........
#.....## ##.#......#
###....## ########.#
#..^..s# . #####..s..#
#.....# ......#


You could see an entropy weaver (soul bound, corroded, ally target), a redback
(soul bound), a friendly acid blob (summoned) and a friendly azure jelly
(summoned).

Vanquished Creatures
  A hydra (Lair:5)
  A pharaoh ant (Spider:1)
  Pikel (D:7)
  2 wolf spiders (Spider:1)
  3 black mambas
  6 cane toads
  A torpor snail (Lair:3)
  7 komodo dragons
  A rime drake (Lair:3)
  A troll (D:9)
  3 hornets (Lair:5)
  A tarantella (Spider:1)
  7 dream sheep (Lair:5)
  4 polar bears (Lair:5)
  15 blink frogs
  10 spriggans (Lair:5)
  2 basilisks (Lair:5)
  6 wyverns
  28 yaks
  10 redbacks
  2 acid dragons (D:9)
  4 water moccasins
  A sky beast (D:7)
  2 ice beasts (D:7)
  A black bear (Lair:5)
  4 boggarts (Lair:5)
  22 wolves
  A centaur (D:5)
  A phantom (D:5)
  A kobold brigand (D:8)
  2 lemures (D:7)
  An elf zombie (Ossuary)
  7 bullfrogs
  2 necrophages
  3 scorpions
  2 wights (D:7)
  8 killer bees
  An electric eel (D:9)
  2 howler monkeys
  2 quasits (D:7)
  2 centaur zombies (Ossuary)
  3 human zombies (Ossuary)
  6 hounds
  2 orc priests
  Terence (D:2)
  7 orc wizards
  2 mummies (Ossuary)
  4 gnolls
  9 adders
  A river rat (D:4)
  4 ufetubi
  2 dart slugs
  17 orcs
  6 ball pythons
  6 endoplasms
  A giant cockroach (D:4)
  11 goblins
  6 hobgoblins
  6 quokkas
  3 bats (D:2)
  A frilled lizard (D:1)
  A goblin zombie (Ossuary)
  5 hobgoblin zombies (Ossuary)
  3 jackal zombies (Ossuary)
  14 kobolds
  11 kobold zombies (Ossuary)
  6 orc zombies (Ossuary)
  8 rats
  A rat zombie (Ossuary)
  2 toadstools (D:8)
330 creatures vanquished.

Vanquished Creatures (collateral kills)
  2 catoblepae
  A death yak (Lair:5)
  2 cane toads
  4 komodo dragons
  A troll (D:9)
  2 hornets (Lair:5)
  A dream sheep (Lair:5)
  3 blink frogs
  A spriggan (Lair:5)
  A wyvern (D:9)
  7 yaks
  3 water moccasins
  An ogre (D:4)
  10 wolves
  A centaur (D:6)
  2 lemures (D:7)
  A kobold brigand (D:7)
  A bullfrog (D:6)
  2 wights (D:7)
  An electric eel (D:6)
  2 hounds (D:9)
  6 gnolls
  An adder (D:3)
  A white imp (D:7)
  A worm (D:2)
  A goblin (D:1)
  A frilled lizard (D:2)
  A kobold (D:7)
61 creatures vanquished.

Vanquished Creatures (others)
  3 dream sheep (Lair:5)
  A basilisk (Lair:3)
  A water moccasin (Lair:5)
  2 black bears (Lair:5)
  3 wolves
  An ogre (D:4)
  A gnoll sergeant (D:6)
  A bullfrog (Lair:4)
  A scorpion (D:5)
  47 jellies
  A hound (D:4)
  A gnoll bouda (D:5)
  2 iguanas
  4 orc wizards
  8 gnolls
  5 adders
  A shadow imp (D:7)
  2 white imps
  2 ufetubi
  2 worms (D:3)
  2 dart slugs
  13 orcs
  3 ball pythons (D:4)
  2 endoplasms (D:4)
  A giant cockroach (D:4)
  A hobgoblin (D:4)
  A quokka (D:4)
  2 bats (D:3)
  2 kobolds (D:4)
  4 kobold zombies (Ossuary)
  2 rats (D:3)
  A butterfly (Lair:1)
  3 demonic plants (D:7)
  61 fungi
  61 plants
  2 toadstools (D:8)
250 creatures vanquished.

Grand Total: 641 creatures vanquished

Notes
Turn   | Place    | Note
-------+----------+-------------------------------------------
     0 | D:1      | keekatzer the Demonspawn Fighter began the quest for the
                  | Orb.
     0 | D:1      | Reached XP level 1. HP: 18/18 MP: 1/1
   265 | D:1      | Gained mutation: You regenerate magic rapidly. [demonic
                  | ancestry]
   265 | D:1      | Reached XP level 2. HP: 22/24 MP: 2/2
   296 | D:1      | Reached skill level 3 in Armour
   942 | D:2      | Gained mutation: A weak demonic guardian rushes to your
                  | aid. [demonic ancestry]
   942 | D:2      | Reached XP level 3. HP: 29/29 MP: 3/3
  1044 | D:2      | Gained mutation: A demonic guardian rushes to your aid.
                  | [demonic ancestry]
  1044 | D:2      | Reached XP level 4. HP: 10/35 MP: 4/4
  1777 | D:2      | Noticed Terence
  1802 | D:2      | Killed Terence
  1803 | D:2      | Reached XP level 5. HP: 24/42 MP: 5/5
  1821 | D:2      | Reached skill level 4 in Armour
  2095 | D:2      | Found a faded altar of an unknown god.
  2100 | D:2      | Prayed at the altar of an unknown god.
  2100 | D:2      | Became a worshipper of Jiyva Jivvytz the Shapeless
  2100 | D:2      | Reached * piety under Jiyva
  2430 | D:3      | Reached ** piety under Jiyva
  2645 | D:3      | Found a sacrificial altar of Ru.
  2645 | D:3      | Found a burning altar of Makhleb.
  2815 | D:4      | Noticed an ogre
  2932 | D:4      | Reached XP level 6. HP: 42/48 MP: 6/6
  3006 | D:4      | Reached skill level 5 in Armour
  3143 | D:4      | Reached XP level 7. HP: 51/55 MP: 7/7
  3152 | D:4      | Reached skill level 5 in Fighting
  3152 | D:4      | Reached skill level 6 in Armour
  3198 | D:4      | Reached *** piety under Jiyva
  3208 | D:4      | Found a staircase to the Ecumenical Temple.
  3635 | D:5      | Entered Level 5 of the Dungeon
  3952 | D:5      | Gained mutation: You have very sharp teeth. [Jiyva's grace]
  3952 | D:5      | Gained mutation: You have extremely sharp teeth. [Jiyva's
                  | grace]
  3952 | D:5      | Gained mutation: You have razor-sharp teeth. [Jiyva's
                  | grace]
  3952 | D:5      | Gained mutation: You are covered in slimy tendrils that may
                  | disarm your opponents. [Jiyva's grace]
  4162 | D:6      | Reached **** piety under Jiyva
  4182 | D:6      | Found a transporter.
  4184 | D:6      | Noticed gdog's ghost (novice GnDe)
  4185 | D:6      | Found a transporter.
  4225 | D:6      | Reached skill level 7 in Armour
  4297 | D:6      | Gained mutation: You are partially covered in icy blue
                  | scales. (AC +2) [demonic ancestry]
  4297 | D:6      | Reached XP level 8. HP: 55/64 MP: 8/8
  4843 | D:7      | Noticed Pikel
  4884 | D:7      | Paralysed by Pikel for 5 turns
  4890 | D:7      | Paralysed by Pikel for 4 turns
  4906 | D:7      | Killed Pikel
  4907 | D:7      | Reached skill level 8 in Armour
  4907 | D:7      | Reached skill level 1 in Dodging
  5000 | D:7      | Reached ***** piety under Jiyva
  5016 | D:7      | Reached XP level 9. HP: 63/71 MP: 9/9
  5727 | D:8      | Lost mutation: You are covered in slimy tendrils that may
                  | disarm your opponents. [Jiyva's grace]
  5727 | D:8      | Gained mutation: Your skin changes colour to match your
                  | surroundings (Stealth+). [Jiyva's grace]
  5727 | D:8      | Gained mutation: Your skin blends seamlessly with your
                  | surroundings (Stealth++). [Jiyva's grace]
  5727 | D:8      | Gained mutation: Your skin perfectly mimics your
                  | surroundings (Stealth+++). [Jiyva's grace]
  5727 | D:8      | Gained mutation: Your body has grown eyes which may confuse
                  | attackers. (Acc +3) [Jiyva's grace]
  5745 | D:8      | Reached skill level 5 in Shields
  5751 | D:8      | Reached skill level 9 in Armour
  5987 | D:8      | Found a sand-covered staircase.
  5993 | Ossuary  | Entered an ossuary
  6448 | D:9      | Found a staircase to the Lair.
  6478 | D:9      | Noticed a troll
  6487 | D:9      | Killed a troll
  6488 | D:9      | Gained mutation: You are mostly covered in icy blue scales.
                  | (AC +3) [demonic ancestry]
  6488 | D:9      | Reached XP level 10. HP: 48/79 MP: 10/10
  6504 | D:9      | Reached ****** piety under Jiyva
  6691 | D:9      | Reached skill level 5 in Axes
  6706 | D:9      | Lost mutation: Your skin perfectly mimics your surroundings
                  | (Stealth+++). [Jiyva's grace]
  6706 | D:9      | Gained mutation: You are resistant to electric shocks.
                  | (rElec) [Jiyva's grace]
  6706 | D:9      | Gained mutation: You have a pair of small horns on your
                  | head. [Jiyva's grace]
  6706 | D:9      | Gained mutation: You have a pair of horns on your head.
                  | [Jiyva's grace]
  6706 | D:9      | Gained mutation: You have a pair of large horns on your
                  | head. [Jiyva's grace]
  6942 | D:9      | Found a snail-covered altar of Cheibriados.
  7162 | Lair:1   | Entered Level 1 of the Lair of Beasts
  7183 | Lair:1   | Reached skill level 10 in Armour
  7409 | Lair:1   | Noticed a cane toad
  7414 | Lair:1   | Killed a cane toad
  7415 | Lair:1   | Reached XP level 11. HP: 61/87 MP: 11/11
  7759 | Lair:2   | Reached skill level 11 in Armour
  7818 | Lair:2   | Reached skill level 1 in Stealth
  7915 | Lair:2   | Lost mutation: You have a pair of large horns on your head.
                  | [Jiyva's grace]
  7915 | Lair:2   | Lost mutation: You are resistant to electric shocks.
                  | (rElec) [Jiyva's grace]
  7915 | Lair:2   | Lost mutation: Your body has grown eyes which may confuse
                  | attackers. (Acc +3) [Jiyva's grace]
  7915 | Lair:2   | Gained mutation: Your muscles are strong. (Str +4, Int/Dex
                  | -1) [Jiyva's grace]
  7915 | Lair:2   | Gained mutation: Your muscles are very strong. (Str +8,
                  | Int/Dex -2) [Jiyva's grace]
  7915 | Lair:2   | Gained mutation: You have sharp toenails. [Jiyva's grace]
  7915 | Lair:2   | Gained mutation: You have razor-sharp toenails. [Jiyva's
                  | grace]
  8200 | Lair:3   | Found a hole to the Spider Nest.
  8286 | Lair:3   | Found a staircase to the Shoals.
  8382 | Lair:3   | Noticed a catoblepas
  8400 | Lair:3   | Killed a catoblepas
  8401 | Lair:3   | Reached skill level 12 in Armour
  8548 | Lair:3   | Reached skill level 10 in Axes
  8629 | Lair:4   | Reached XP level 12. HP: 94/97 MP: 12/12
  8649 | Lair:4   | Reached skill level 1 in Evocations
  8728 | Lair:4   | Found a runed translucent door.
  8728 | Lair:4   | Noticed Faliobat's ghost (journeyman TeHu)
  8857 | Lair:4   | Lost mutation: You have razor-sharp toenails. [Jiyva's
                  | grace]
  8857 | Lair:4   | Gained mutation: You have a small jelly attached to you
                  | that may absorb projectiles. [Jiyva's grace]
  8857 | Lair:4   | Lost mutation: Your skin blends seamlessly with your
                  | surroundings (Stealth++). [Jiyva's grace]
  8857 | Lair:4   | Lost mutation: Your skin changes colour to match your
                  | surroundings (Stealth+). [Jiyva's grace]
  8857 | Lair:4   | Gained mutation: Your translucent skin slightly reduces
                  | your foes' accuracy. (Stealth+) [Jiyva's grace]
  8857 | Lair:4   | Gained mutation: Your translucent skin reduces your foes'
                  | accuracy. (Stealth+) [Jiyva's grace]
  8857 | Lair:4   | Gained mutation: Your transparent skin significantly
                  | reduces your foes' accuracy. (Stealth+) [Jiyva's grace]
  8907 | Lair:4   | Noticed a six-headed hydra
  8930 | Lair:5   | Entered Level 5 of the Lair of Beasts
  8933 | Lair:5   | Found a staircase to the Slime Pits.
  8940 | Lair:5   | Reached skill level 13 in Armour
  8970 | Lair:5   | Reached skill level 10 in Fighting
  9109 | Lair:5   | Found a transporter.
  9143 | Lair:5   | Noticed Jeban's ghost (journeyman OpFi)
  9166 | Lair:5   | Found a transporter.
  9169 | Lair:5   | Found a bloodstained altar of Trog.
  9229 | Lair:5   | Paralysed by a hornet for 3 turns
  9432 | Lair:5   | Gained mutation: A powerful demonic guardian rushes to your
                  | aid. [demonic ancestry]
  9432 | Lair:5   | Reached XP level 13. HP: 68/104 MP: 13/13
  9465 | Lair:5   | Reached skill level 5 in Evocations
  9948 | Slime:1  | Entered Level 1 of the Pits of Slime
  9948 | Slime:1  | Noticed an azure jelly
  9948 | Slime:1  | Noticed a quicksilver ooze
  9957 | Slime:2  | Noticed an acid blob
  9964 | Slime:3  | Noticed a rockslime
  9964 | Slime:3  | Noticed an acid blob
  9971 | Slime:4  | Noticed an acid blob
  9973 | Slime:5  | Entered Level 5 of the Pits of Slime
  9973 | Slime:5  | Noticed a rockslime
  9991 | Slime:5  | Noticed an acid blob
  9992 | Slime:5  | Found a viscous altar of Jiyva.
  9993 | Slime:5  | Noticed the Royal Jelly
  9993 | Slime:5  | Noticed an acid blob
  9993 | Slime:5  | Noticed an acid blob
  9994 | Slime:5  | Noticed an azure jelly
  9995 | Slime:5  | Noticed a rockslime
  9995 | Slime:5  | Noticed an acid blob
  9996 | Slime:5  | Noticed an acid blob
  9997 | Slime:5  | Noticed a quicksilver ooze
  9999 | Slime:5  | Identified the +0 robe of Haph {rN++}
 10000 | Slime:5  | Identified the ring "Igusmo" {rF- rC+ Str+5 Int+6}
 10002 | Slime:5  | Noticed an acid blob
 10010 | Slime:5  | Identified the +1 chain mail of Autotheism {*Slow rN++
                  | rCorr Slay+3}
 10023 | Slime:5  | Identified the ring of Idan {rPois Stlth+}
 10032 | Slime:5  | Got the Omnibus of Fascination
 10035 | Slime:5  | Got a slimy rune of Zot
 10073 | Slime:5  | Identified the +0 leather armour of Oxunij {*Corrode rElec
                  | rF++ Str+4}
 10104 | Slime:5  | Noticed a quicksilver ooze
 10169 | Lair:5   | Identified the amulet of Kajo {Spirit Rampage +Inv}
 10322 | Spider:1 | Entered Level 1 of the Spider Nest
 10447 | Spider:1 | Noticed an entropy weaver
 10467 | Spider:1 | HP: 5/105 [pharaoh ant (15)]
 10469 | Spider:1 | Reached skill level 14 in Armour
 10469 | Spider:1 | HP: 2/106 [entropy weaver (5)]
 10469 | Spider:1 | Slain by an entropy weaver

Illustrated notes

Levels and vault maps discovered:
D:1:      minmay_arrival_checkered_box, layout_loops_corners,
          chequers_serial_rivers_small_b, serial_park_tiny_2
D:2:      layout_basic, shapermc_ecumenical_altar_petra, uniq_terence
D:3:      layout_loops_ring, nicolae_overflow_two_pavilions, minivault_23,
          minmay_misc_feat_iff, hex_large
D:4:      minmay_bubble_buster, layout_basic, minmay_temple_entry_junction_2,
          gup_sewer_entry_spiral, serial_forest, infiniplex_forest_lined_room_2,
          infiniplex_forest_lined_2, infiniplex_forest_lined_room_2,
          infiniplex_forest_clump_curved, infiniplex_forest_split,
          infiniplex_forest_corner_2, infiniplex_forest_straight_3,
          infiniplex_forest_lined_2, dk_noncrumbling_3
D:5:      layout_loops_ring
D:6:      layout_loops_ring, gammafunk_ghost_arena, palyth_stone_intersect,
          minivault_14
D:7:      layout_cave_pods, serial_demonic, serial_demonic_c, serial_demonic_c,
          serial_demonic_g, serial_demonic_f, nicolae_hexahallways,
          minmay_manual_moon, uniq_pikel
D:8:      layout_cave_pools, nicolae_ossuary_entry_plus,
          minmay_gold_behind_fungi
D:9:      layout_irregular_city, kennysheep_little_box, erik_lair_island
Lair:1:   layout_regular_city, lemuel_fruit_fields, lemuel_fruit_tree
Lair:2:   layout_small_grid
Lair:3:   layout_roguey, shoals_dummy_entry, spider_nest_entry_webs,
          st_stairs_10
Lair:4:   layout_roguey, ebering_ghost_reflecting_pool
Lair:5:   minmay_lair_end_enchanted_forest, layout_cave_pods, slime_entry_1,
          gammafunk_ghost_wrathful_warriors
Spider:1: layout_chambers, spiders_nest_spider_trap
Slime:1:  layout_caves, cheibrodos_slime_lost_civilization_7
Slime:2:  layout_caves
Slime:3:  layout_caves
Slime:4:  layout_caves, nicolae_slime_phagocytosis
Slime:5

Skill      XL: |  1  2  3  4  5  6  7  8  9 10 11 12 13 |
---------------+----------------------------------------+-----
Armour         | 3 4 5 7 8 9 10 12 13 14 | 14.0
Shields        | 3 4 5 |  5.8
Fighting       | 4 5 6 7 8 9 10 11 | 11.1
Polearms       | 2 |  2.7
Dodging        | 1 3 4 |  4.9
Axes           | 4 7 10 11 12 | 12.3
Stealth        | 1 2 |  2.0
Evocations     | 4 5 |  5.7

Action                   |  1- 3 |  4- 6 |  7- 9 | 10-12 | 13-15 || total
-------------------------+-------+-------+-------+-------+-------++-------
Melee: War axe           |    83 |   246 |   400 |   533 |   107 ||  1369
       Bite              |       |       |    49 |    65 |    14 ||   128
       Spear             |       |       |    96 |       |       ||    96
       Headbutt          |       |       |       |   110 |    31 ||   141
Evoke: Wand              |       |       |       |     2 |       ||     2
       Tin of tremorston |       |       |       |       |     2 ||     2
 Stab: Distracted        |       |       |     1 |     4 |       ||     5
       Confused          |       |       |     1 |     2 |       ||     3
       Sleeping          |       |       |     1 |       |       ||     1
       Petrifying        |       |       |       |     1 |       ||     1
       Petrified         |       |       |       |       |     3 ||     3
Armor: Scale mail        |    22 |   156 |   115 |       |       ||   293
       Chain mail        |       |       |   200 |   261 |   105 ||   566
Dodge: Dodged            |    32 |   108 |   243 |   275 |    82 ||   740
Block: Buckler           |    23 |    67 |   153 |   143 |    42 ||   428
